Map: Beckett Industries LE

Players

KvazaR - Winner!

  • Race: Zerg Zerg
  • League: Diamond

kushfuhrer

  • Race: Terran Terran
  • League: Diamond

VOD

Have the link to the VOD?

Description

Time

  • Played on: May 16, 2021, 4:19 p.m.
  • Length: 11:37
Show
View Real Time Build Order
Export as new Build Order

KvazaR Zerg - Winner!

Build Orders: Hatch First 

Get SALT Encoding   

  12  0:00  Drone  
  13  0:12  Overlord  
  13  0:17  Drone  
  14  0:30  Drone  
  14  0:31  Drone  
  16  0:49  Hatchery  
  15  0:52  Drone  
  15  0:55  Drone  
  17  0:59  Drone  
  18  1:10  Extractor  
  17  1:14  Spawning Pool  
  17  1:17  Drone  
  17  1:20  Drone  
  18  1:29  Drone  
  19  1:39  Drone  
  20  1:50  Drone  
  21  2:01  Queen x2  
  23  2:02  Zergling x4  
  27  2:11  Overlord  
  27  2:13  Drone  
  28  2:17  Roach Warren  
  26  2:37  Drone x4  
  30  2:47  Overlord x2  
  30  2:57  Roach  
  33  2:58  Drone  
  33  3:09  Roach x6  
  45  3:15  Roach  
  48  3:20  Ravager  
  48  3:35  Overlord x2  
  48  3:52  Drone x4  
  49  4:10  Ravager  
  49  4:15  Drone x8  
  58  4:18  Ravager  
  59  4:36  Queen  
  61  4:40  Extractor x2  
  61  4:45  Drone x2  
  61  4:49  Hatchery  
  61  4:51  Metabolic Boost  
  53  5:10  Drone x9  
  62  5:22  Lair  
  62  5:24  Extractor  
  62  5:26  Drone  
  62  5:35  Drone x3, Evolution Chamber  
  65  5:36  Baneling Nest  
  65  5:37  Evolution Chamber  
  65  5:40  Queen  
  64  5:43  Drone  
  64  5:48  Overlord x2  
  65  5:54  Drone x3  
  68  6:02  Zerg Melee Weapons Level 1, Zerg Ground Armor Level 1  
  68  6:04  Drone x2  
  68  6:05  Drone  
  71  6:13  Overlord x2  
  71  6:23  Centrifical Hooks  
  71  6:25  Zergling x10  
  76  6:34  Overlord x2  
  76  6:35  Overlord  
  76  6:44  Zergling x2  
  76  6:45  Zergling x8  
  81  6:48  Baneling x10  
  81  6:52  Hatchery  
  79  7:00  Hatchery  
  79  7:01  Zergling x16  
  80  7:05  Hydralisk Den  
  67  7:37  Drone x2  
  67  7:40  Drone x2  
  67  7:41  Drone  
  72  7:46  Overlord x3  
  72  7:47  Hydralisk x7  
  72  7:48  Hydralisk x2  
  90  7:57  Zerg Melee Weapons Level 2  
  90  8:04  Drone  
  90  8:05  Drone x6  
  96  8:17  Zergling x8  
  100  8:20  Hatchery  
  100  8:23  Zergling x2  
  100  8:24  Zergling x16  
  103  8:51  Drone  
  103  8:52  Drone x5  
  103  8:53  Drone x5  
  103  8:55  Extractor  
  113  8:56  Extractor, Drone x10  
  113  9:02  Infestation Pit  
  121  9:04  Zerg Ground Armor Level 2  
  121  9:09  Overlord  
  121  9:14  Zergling x14  
  128  9:28  Overlord x3  
  128  9:29  Hydralisk, Overlord  
  128  9:30  Hydralisk x8  
  146  9:33  Muscular Augments  
  146  9:55  Baneling Nest  
  146  9:58  Hive  
  146  10:01  Zergling x2  
  146  10:02  Zergling x36  
  146  10:04  Baneling x11  
  146  10:05  Baneling x9  
  165  10:16  Zergling x10  
  135  10:47  Zergling x20  
  135  10:48  Zergling x28  
  143  11:02  Zergling x18  
  148  11:08  Lurker Den  
  147  11:15  Baneling x3  
Show
View Real Time Build Order
Export as new Build Order

kushfuhrer Terran 

Build Orders: Reaper Expand 

Get SALT Encoding   

  12  0:04  SCV  
  13  0:16  SCV  
  13  0:20  Supply Depot  
  14  0:29  SCV  
  15  0:42  SCV  
  16  0:43  Barracks  
  16  0:47  Refinery  
  16  0:54  SCV  
  17  1:06  SCV  
  18  1:18  SCV  
  19  1:29  Reaper  
  19  1:31  Orbital Command  
  20  1:44  Command Center  
  20  1:57  Barracks  
  20  2:00  SCV  
  21  2:04  Reaper  
  22  2:12  SCV  
  22  2:15  Supply Depot  
  23  2:19  Refinery  
  23  2:36  SCV  
  24  2:42  Factory  
  24  2:45  Barracks Reactor  
  24  2:48  SCV  
  25  2:58  Orbital Command  
  25  3:02  Barracks Tech Lab  
  25  3:14  SCV  
  25  3:16  Bunker  
  26  3:23  Marine x2  
  26  3:24  Marine  
  26  3:26  Factory Reactor  
  26  3:27  Factory Tech Lab  
  29  3:28  Starport  
  29  3:29  SCV  
  29  3:31  SCV  
  31  3:41  Marine x2, SCV  
  32  3:44  Marine  
  32  3:45  SCV  
  36  3:50  Siege Tank  
  36  3:53  SCV  
  40  3:59  Marine  
  41  4:04  Marine  
  41  4:06  Marine  
  39  4:16  Marine  
  39  4:22  Marine  
  37  4:27  Marine  
  37  4:28  Siege Tank  
  40  4:34  Marine, SCV  
  42  4:40  Orbital Command  
  42  4:42  Command Center  
  42  4:47  Marine, Stimpack, Starport Reactor  
  43  4:58  Marine  
  38  5:04  SCV  
  39  5:09  SCV  
  39  5:11  Marine x2  
  42  5:14  Siege Tank  
  42  5:19  SCV  
  46  5:29  Supply Depot  
  46  5:31  Supply Depot  
  46  5:36  Marine x2  
  46  5:37  SCV x2  
  46  5:42  Medivac  
  52  5:44  Medivac  
  52  5:47  Refinery  
  54  5:51  SCV x2  
  54  5:56  Engineering Bay  
  56  5:58  Orbital Command  
  56  6:01  Marine  
  56  6:03  SCV x2  
  59  6:07  Engineering Bay  
  59  6:13  Marine x2  
  59  6:15  SCV  
  59  6:16  SCV  
  63  6:22  Marine  
  63  6:23  Terran Infantry Weapons Level 1  
  64  6:26  Supply Depot, SCV  
  64  6:27  SCV  
  64  6:28  Combat Shield  
  66  6:35  Refinery, Orbital Command  
  66  6:37  Terran Infantry Armor Level 1  
  66  6:41  Marine x3  
  66  6:44  SCV x2  
  71  6:56  SCV x2  
  71  6:58  Armory, Marine  
  71  7:00  Barracks  
  74  7:01  SCV  
  74  7:08  SCV  
  76  7:09  Marine, Medivac x2  
  76  7:10  Marine, SCV  
  76  7:15  SCV  
  84  7:16  Marine  
  84  7:20  SCV  
  86  7:27  Marine  
  87  7:37  SCV  
  88  7:39  SCV  
  88  7:40  SCV  
  88  7:42  Supply Depot, Factory, Factory Reactor  
  90  7:46  Supply Depot, Marine  
  90  7:49  SCV  
  92  7:51  SCV  
  92  7:53  SCV  
  92  7:55  Supply Depot, Barracks Reactor  
  92  7:56  Supply Depot  
  94  8:00  Marine  
  94  8:01  Marine  
  94  8:03  SCV  
  97  8:05  Barracks  
  97  8:07  Supply Depot  
  97  8:12  Marine  
  97  8:15  SCV x2  
  97  8:18  Supply Depot, Marine  
  97  8:19  SCV  
  102  8:22  Barracks, Refinery  
  102  8:26  Supply Depot  
  102  8:27  SCV  
  103  8:28  Drilling Claws  
  103  8:31  Marine, Widow Mine  
  103  8:32  Widow Mine  
  105  8:35  Supply Depot  
  93  8:42  Marine  
  92  8:49  Marine x3, SCV x2  
  97  8:57  SCV  
  97  9:00  Siege Tank  
  97  9:01  SCV x2  
  97  9:02  Sensor Tower  
  103  9:03  Terran Vehicle Weapons Level 1, Terran Infantry Weapons Level 2, Factory  
  103  9:07  Supply Depot  
  103  9:09  SCV  
  104  9:11  Marine  
  104  9:12  Barracks Reactor x2  
  104  9:13  Marine  
  104  9:14  SCV x2  
  108  9:20  Refinery  
  108  9:24  SCV  
  108  9:26  Marine x2, SCV  
  108  9:28  Widow Mine  
  114  9:32  Marine x2  
  114  9:33  Marine  
  116  9:45  Marine  
  116  9:46  Marine, Supply Depot  
  116  9:48  Supply Depot  
  116  9:50  SCV  
  116  9:51  SCV x2, Marauder  
  116  9:52  Marine  
  124  9:53  Medivac x2  
  124  9:54  Hellbat  
  124  9:55  Factory Tech Lab  
  130  10:02  SCV  
  130  10:03  SCV  
  132  10:10  Marine, SCV  
  132  10:11  Marine  
  132  10:13  Marauder  
  137  10:15  SCV x2  
  137  10:17  Command Center  
  139  10:22  SCV  
  118  10:40  Marine  
  118  10:41  Marine x2  
  102  10:44  Marine x2  
  102  10:45  Marine  
  102  10:48  Marine x3  
  91  10:54  Siege Tank  
  91  10:55  Siege Tank  
  79  10:58  Marine x3  
  79  10:59  Widow Mine x2  
  79  11:02  Marine x3  
  88  11:06  Marine x3  
  88  11:08  SCV  
  88  11:10  SCV  
Tags
 
Add a new tag
Caveats
  • Supply blocks, unpowered buildings, or Contaminate may cause inaccurate times.
  • Supply counts are checked every 10 seconds.